FIQ, neutral male scurrid Tourist ------------------------- ------------------ |.......................| .................| |"......................| .......?.....}}.....| ---------?.....}}}}.............--------- ....}}}}.....}}}}.....--------- |}}}.....}}}..}}}}}}..........}}}}........<}}}..}}....}}...}}}}.}}}}}}}}| |}}}..(.}}.}}}}..!.}}...}}}..}}..}}}}}..}}}}..........}}....}}}}}}...}}}| |}}}}}}}............}}}}}.}}}.......}}}}}}}.....=......}}.............}}| |}}}}}...*...........}}.....}.........}}...}..........[}}...........}}}}| ---------.......................--------- }}}}.......--------- |....................I..| | -........}}}}....}}.?...- ..........}}}.........}}}.... |}}}}.......!}}}.............}...}} |}}}}}}}}..}}}.}}}}}}...[.....}}}.... |}}}}}}..}}}........}}}...}}}}........ ---------..............}}}......------- |.......................| |......%................| ------------------------- FIQ the Rambler Experience level: 1 Strength: 10 Dexterity: 12 Constitution: 14 Intelligence: 11 Wisdom: 10 Charisma: 18 Health: 0(9) Energy: 2(2) Def: 0 Gold: 138 Moves: 36 Dungeon seed: U_k59suoYxkzUz2S Game ID: FIQ_1498603051 Your Inventory: Coins $ - 138 gold pieces Weapons a - 51 uncursed +2 darts (in quiver) Armor e - an uncursed +0 Hawaiian shirt (being worn) Comestibles b - 7 uncursed food rations c - an uncursed tripe ration d - 2 uncursed cream pies f - an uncursed pancake Scrolls h - 4 uncursed scrolls of blank paper Potions g - 2 uncursed diluted potions of extra healing Wands k - an uncursed rusty wand of secret door detection (0:15) Tools i - an uncursed expensive camera (0:74) j - an uncursed credit card l - an uncursed oil lamp (0:1410) Spells and supernatural/magical abilities: Name Level Category Fail Memory W - pray for help -- divine ? -- Your skills at the end: Miscellaneous Skills wands [Basic] Weapon Skills dart [Basic] Spellcasting Skills Final Attributes: You were devoutly aligned. You had infravision. You were very stealthy. You are dead. Voluntary challenges: You went without food. You did not adorn yourself with jewelry or accessories. You did not cause conflict. You were not invisible. You did not have reflection. You were not displaced. You were an atheist. You never hit with a wielded weapon. You were a pacifist. You did not use tools. You did not use plumbed fixtures. You did not drink any magical draughts. You were illiterate. You never genocided any monsters. You never polymorphed an object. You never changed form. You used no wishes. You never split a pudding. You never wrote Elbereth's name. You never violated your personal moral code. Dungeon overview: The Dungeons of Doom: levels 1 to 13 Level 1 a long staircase Level 2 a long staircase Level 3 a fountain Level 4 Level 5 a fountain Level 6 Level 7 Level 8 Level 9 Level 10 Level 11 a fountain Level 12 Level 13 <- You were here History has recorded: On T:1 you entered the Dungeons of Doom to retrieve the Amulet of Yendor! On T:4 you reached level 2 of The Dungeons of Doom. On T:6 you reached level 3 of The Dungeons of Doom. On T:8 you reached level 4 of The Dungeons of Doom. On T:10 you reached level 5 of The Dungeons of Doom. On T:13 you reached level 6 of The Dungeons of Doom. On T:15 you reached level 7 of The Dungeons of Doom. On T:17 you reached level 8 of The Dungeons of Doom. On T:19 you reached level 9 of The Dungeons of Doom. On T:22 you reached level 10 of The Dungeons of Doom. On T:25 you reached level 11 of The Dungeons of Doom. On T:28 you reached level 12 of The Dungeons of Doom. On T:30 you reached level 13 of The Dungeons of Doom. Score breakdown: Gold: 37 ( 3 points) Experience: 1 level ( 0 points) Exploration: 13 levels ( 360 points) Discoveries: 2 items ( 100 points) Variety of kills: 0 monsters ( 0 points) Major goal: (nothing yet) ( 0 points) Survival: died (score multiplied by 3) Total score: 1389 Latest messages: You dig a hole through the floor. You fall through... The giant drinks a magenta potion! The giant is suddenly moving faster. You start digging downward. The Woodland-elf drinks a potion of speed! The Woodland-elf is suddenly moving faster. The Woodland-elf picks up a gem. You continue digging downward. As you dig, the hole fills with water! You fall into the water! You sink like a rock. Your wand of secret door detection rusts! You try to crawl out of the water. Pheew! That was close. That command is only available in debug mode. You claw the homunculus. The homunculus bites! The Woodland-elf wields a runed bow! The runed bow grows roots right in to the Woodland-elf's hand! The Green-elf picks up a food ration. You have no weapon equipped. The homunculus bites! You are put to sleep! Something bites! (3x) You die... Final status: Aloha FIQ the Tourist, killed by a homunculus, while sleeping... You died in The Dungeons of Doom on dungeon level 13 with 1389 points, and 138 pieces of gold, after 36 moves. You were level 1 with a maximum of 9 hit points when you died.